 Dungeon Crawl Stone Soup version 0.28.0-53-g5a82cb258f (webtiles) character file.

Game seed: 15490173245450635249

39 bnorton916 the Firebug (level 3, -6/19 HPs)
             Began as a Deep Elf Fire Elementalist on May 31, 2022.
             Mangled by a gnoll
             ... wielding a +0 whip
              (7 damage)
             ... on level 1 of the Dungeon.
             The game lasted 00:01:21 (2194 turns).

bnorton916 the Firebug (Deep Elf Fire Elementalist) Turns: 2194, Time: 00:01:21

Health: -6/19      AC:  2    Str:  5    XL:     3   Next: 28%
Magic:  3/10       EV: 12    Int: 21    God:
Gold:   40         SH:  0    Dex: 15    Spells: 6/9 levels left

rFire   . . .      SeeInvis .   (no weapon)
rCold   . . .      Faith    .   (no shield)
rNeg    . . .      Spirit   .   a - +0 robe
rPois   .          Reflect  .   (no helmet)
rElec   .          Harm     .   (no cloak)
rCorr   .          Rampage  .   (no gloves)
Will    .....                   (no boots)
Stlth   ++........              (no amulet)
HPRegen 0.06/turn               (no ring)
MPRegen 0.12/turn               (no ring)

@: no status effects
A: no striking features
a: no special abilities


You were on level 1 of the Dungeon.
You visited 1 branch of the dungeon, and saw 2 of its levels.

You collected 40 gold pieces.

Inventory:

Armour
 a - a +0 robe (worn)
Jewellery
 c - an amulet of guardian spirit
Scrolls
 b - a scroll of identify
 h - a scroll of noise
Potions
 d - a potion of invisibility {unknown}
 f - a potion of flight {unknown}
 g - a potion of lignification


   Skills:
 - Level 2.4 Dodging
 - Level 2.4 Stealth
 + Level 3.9 Spellcasting
 + Level 2.1 Conjurations
 + Level 3.9 Fire Magic


You had 6 spell levels left.
You knew the following spells:

 Your Spells              Type           Power      Damage    Failure   Level
a - Foxfire               Conj/Fire      64%        2x1d7     3%          1
b - Scorch                Fire           40%        2d7       3%          2

Your spell library contained the following spells:

 Spells                   Type           Power      Damage    Failure   Level
 Conjure Flame            Conj/Fire      16%        6-21      11%         3
 Inner Flame              Hex/Fire       12%        N/A       16%         3
 Blink                    Tloc           8%         N/A       19%         2
 Flame Wave               Conj/Fire      16%        2d6       34%         4
 Lesser Beckoning         Tloc           4%         N/A       36%         3
 Manifold Assault         Tloc           4%         N/A       98%         5


Dungeon Overview and Level Annotations

Branches:
Dungeon (2/15)

Altars:


Message History

Confirm with . or Enter, or press ? or * to list all spells.
Flames lash the gnoll.
The gnoll is severely wounded.
The gnoll's fire resistance burns away.
The gnoll misses you.
The gnoll is no longer more vulnerable to fire.
Your magical contamination has completely faded away.
Casting: Scorch (safe; 3% risk of failure)
Confirm with . or Enter, or press ? or * to list all spells.
Flames lash the gnoll.
The gnoll is severely wounded.
The gnoll's fire resistance burns away.
The gnoll hits you with a +0 whip! The gnoll hits you with a +0 whip.
The gnoll is no longer more vulnerable to fire.
Casting: Scorch (safe; 3% risk of failure)
Confirm with . or Enter, or press ? or * to list all spells.
Flames lash the gnoll.
You kill the gnoll!
The gnoll closely misses you. The gnoll hits you but does no damage.
The gnoll closely misses you.
A quokka comes into view.
You see here 28 sling bullets.
There is a stone staircase leading up here.
The gnoll barely misses you.
You climb upwards.
There is a stone staircase leading down here.
The gnoll hits you with a +0 whip!
Ouch! That really hurt!
* * * LOW HITPOINT WARNING * * *
There is an open door here.
You see here a +0 dagger.
Casting: Scorch (safe; 3% risk of failure)
Confirm with . or Enter, or press ? or * to list all spells.
Flames lash the gnoll.
The gnoll is severely wounded.
The gnoll's fire resistance burns away.
The gnoll hits you with a +0 whip.
* * * LOW HITPOINT WARNING * * *
The gnoll hits you with a +0 whip!
You die...

#.............'...'...'....
##+############...##.##.... #.#
#...##.###### #.# #...##.# #..
#.# #...##.####.# #.#
#.####.##...# #.# ##### #.#
#.##.###
########.#####...####.####.##...#
........>....'.g@'.........####.#
.#############...####.####.##....
.# #...# #.##...##.### .# #...#
#.##.#....#.. .# #...#
#.##.#.####.# .# #...#
#.##.#.##...# .# #...#
#.##.#.##.#.# .# #...#
#.##.#.##.#.. .# #...#
#....#.##.###


You could see a gnoll (combustible).

Vanquished Creatures
  2 gnolls
  A worm (D:2)
  An orc (D:1)
  2 endoplasms (D:1)
  2 goblins (D:1)
  3 hobgoblins
  A ball python (D:2)
  2 frilled lizards (D:1)
  2 kobolds (D:1)
  A rat (D:1)
17 creatures vanquished.

Vanquished Creatures (others)
  100 foxfires
100 creatures vanquished.

Grand Total: 117 creatures vanquished

Notes
Turn   | Place    | Note
-------+----------+-------------------------------------------
     0 | D:1      | bnorton916 the Deep Elf Fire Elementalist began the quest
                  | for the Orb.
     0 | D:1      | Reached XP level 1. HP: 10/10 MP: 6/6
   420 | D:1      | Reached XP level 2. HP: 15/15 MP: 2/8
  2055 | D:2      | Reached XP level 3. HP: 19/19 MP: 5/10
  2058 | D:2      | Learned a level 2 spell: Scorch
  2194 | D:1      | Mangled by a gnoll

Illustrated notes

Levels and vault maps discovered:
D:1:      elethiomel_arrival_maze, layout_basic
D:2:      layout_basic, ebering_ecumenical_altar_rust, dk_vineyard_2,
          uniq_crazy_yiuf_cottage

Skill      XL: |  1  2 |
---------------+-------+-----
Conjurations   | 2 |  2.1
Dodging        | |  2.4
Stealth        | |  2.4
Spellcasting   | |  3.9
Fire Magic     | |  3.9

Action                   || total
-------------------------++-------
Melee: Unarmed           ||     5
 Cast: Foxfire           ||    56
       Scorch            ||     4
  Use: Potion            ||     3
       Scroll            ||     1
Armor: Skin              ||     5
       Robe              ||     1
Dodge: Dodged            ||    12
